 Dungeon Crawl Stone Soup version 0.21-a0-349-g0c35859 (webtiles) character file.

19 tidbits the Scratcher (level 2, 2/12 HPs)
             Began as a Felid Transmuter on Oct 8, 2017.
             Quit the game on level 2 of the Dungeon.
             The game lasted 00:01:12 (104 turns).

tidbits the Scratcher (Felid Transmuter)             Turns: 104, Time: 00:01:13

Health: 2/12       AC:  1    Str:  6    XL:     2   Next: 55%
Magic:  5/6        EV: 18    Int: 14    God:
Gold:   0          SH:  0    Dex: 16    Spells: 4/5 levels left
                                        Lives:  0   Deaths: 0

rFire    . . .     SeeInvis +     - Unarmed
rCold    . . .     Gourm    .   (shield unavailable)
rNeg     . . .     Faith    .   (armour unavailable)
rPois    .         Spirit   .   (helmet unavailable)
rElec    .         Reflect  .   (cloak unavailable)
rCorr    .         Harm     .   (gloves unavailable)
MR       .....                  (boots unavailable)
Stlth    ++........             (no amulet)
HPRegen  0.04/turn              (no ring)
MPRegen  0.10/turn              (no ring)

@: appendage, quick
A: no armour, no weapons or thrown items, stealth, claws 1, fangs 3, horns 2,
see invisible, carnivore 3, speed 1, shaggy fur 1, slow metabolism 1, sharp paws
a: End Transformation


You were on level 2 of the Dungeon.
You were not hungry.
You had grown temporary horns.
You visited 1 branch of the dungeon, and saw 2 of its levels.

Inventory:

Missiles
 a - 12 arrows
Books
 b - a book of Changes

   Spells                             Type                      Level
   a - Beastly Appendage              Transmutation                1
   b - Sticks to Snakes               Transmutation                2
   c - Spider Form                    Transmutation/Poison         3
   d - Ice Form                       Ice/Transmutation            4
   e - Blade Hands                    Transmutation                5
Comestibles
 c - a meat ration


   Skills:
 - Level 1.3 Fighting
 - Level 3.0 Dodging
 + Level 0.6 Stealth
 + Level 3.2 Unarmed Combat
 - Level 2.2 Spellcasting
 - Level 2.4 Transmutations


You had 4 spell levels left.
You knew the following spells:

 Your Spells              Type           Power        Failure   Level  Hunger
e - Beastly Appendage     Tmut           #.....       9%          1    #......


Dungeon Overview and Level Annotations

Branches:
Dungeon (1/15)

Altars:

Annotations:
D:2 Robin


Innate Abilities, Weirdness & Mutations

You cannot wear armour.
You are incapable of wielding weapons or throwing items.
Your paws allow you to move quietly. (Stealth)
You have sharp claws.
You have razor-sharp teeth.
You have supernaturally acute eyesight. (SInv)
You are carnivorous and can eat meat at any time.
You cover ground quickly.
You are covered in fur. (AC +1)
You have a slow metabolism.
Your sharp claws are effective at attacking unaware monsters.
You have a pair of horns on your head.


Message History

You kill the rat!
You scratch the rat.
You kill the rat!
A hobgoblin comes into view.
The gnoll throws a throwing net.
The throwing net barely misses you.
Found a long sword.
You see here a throwing net {!f}.
The hobgoblin shouts!
Your transformation is almost over.
Casting: Beastly Appendage
Confirm with . or Enter, or press ? or * to list all spells.
You extend your transformation's duration.
Your magical contamination has completely faded away.
You scratch the hobgoblin.
You kill the hobgoblin!
You see here a hobgoblin corpse.
Okay, then.
Your transformation is almost over.
The gnoll closely misses you.
You scratch the gnoll.
The gnoll is moderately wounded.
The gnoll completely misses you.
A worm comes into view.
You scratch the gnoll. You bite the gnoll, but do no damage.
The gnoll is moderately wounded.
The gnoll misses you.
You closely miss the gnoll. You bite the gnoll, but do no damage.
The gnoll is moderately wounded.
You scratch the gnoll but do no damage. You bite the gnoll.
The gnoll is heavily wounded.
The gnoll misses you.
You scratch the gnoll.
The gnoll is severely wounded.
The gnoll completely misses you.
You scratch the gnoll. You headbutt the gnoll.
You kill the gnoll!
Your Dodging skill increases to level 3!
You have reached level 2!
Things that are here:
a halberd; a long sword; a gnoll corpse Your horns disappear.
A kobold comes into view. It is wielding a short sword.
A goblin comes into view.
You pounce on the unaware helpless kobold!
You claw the kobold!
You kill the kobold!
Things that are here:
a short sword; a kobold corpse
Found 18 stones.
You pounce on the unaware helpless goblin!
You claw the goblin!
You kill the goblin!
You see here a goblin corpse.
A kobold comes into view.
A goblin and a hobgoblin come into view.
Found 11 gold pieces.
You see here 18 stones.
A goblin comes into view.
Casting: Beastly Appendage
Confirm with . or Enter, or press ? or * to list all spells.
You grow a pair of large bovine horns. 3 goblins and a hobgoblin come into view.
The hobgoblin shouts! x2; You hear a shout! x2; You hear an angry hiss.
You hear a shout! x2
The hobgoblin moves out of view.
You hear a shout!
The goblin shouts! x2; You hear a shout!
Robin of the Strong Arm comes into view.
She is wielding a trident.
An adder and 3 goblins come into view.
The goblin shouts! x2; You hear a shout! x3
Found 27 gold pieces.
An adder comes into view.
You scratch the hobgoblin.
You kill the hobgoblin!
A hobgoblin comes into view. It is wielding a club.
You scratch the adder. Your headbutt misses the adder.
The adder is lightly wounded.
Robin roars a battlecry!
The goblins go into a battle-frenzy!
The adder misses you.
A giant cockroach comes into view.
You scratch the adder. You headbutt the adder.
The adder is almost dead.
Robin throws the goblin at you! The goblin hits you.
The adder closely misses you.
A goblin comes into view.
A bat comes into view.
Found a leather armour.
The goblin hits you but does no damage.
A hobgoblin comes into view. It is wielding a club.
Robin closely misses you.
You closely miss the goblin.
The kobold shouts!
You headbutt the goblin, but do no damage.
The hobgoblin barely misses you. The adder bites you.
* * * LOW HITPOINT WARNING * * *
The goblin barely misses you. The goblin hits you with a dagger.
* * * LOW HITPOINT WARNING * * *
Robin roars a battlecry!
The goblin goes into a battle-frenzy!
Are you sure you want to abandon this character and quit the game? (Confirm with "yes".)

..
################.#
........†.........
............####K#
##....#####(##
#.### #..).# #..#
#... #....#
##.###b# ######


#.ggSg# ##.##@# ...$ggggg.# .#.gg#Sg..... #...s......... #$s........[..
#.$..#.####### ...#...# ##.##..# You could see Robin, 2 adders, a giant
cockroach, 3 hobgoblins, 7 goblins, a bat and a kobold.

Vanquished Creatures
  A gnoll (D:2)
  A goblin (D:2)
  3 hobgoblins (D:2)
  A kobold (D:2)
  A bat (D:2)
  2 rats (D:2)
9 creatures vanquished.

Notes
Turn   | Place    | Note
-------+----------+-------------------------------------------
     0 | D:1      | tidbits the Felid Transmuter began the quest for the Orb.
     0 | D:1      | Reached XP level 1. HP: 9/9 MP: 4/4
     4 | D:1      | You fall through a shaft!
    46 | D:2      | Reached skill level 3 in Dodging
    46 | D:2      | Reached XP level 2. HP: 10/12 MP: 4/6
    96 | D:2      | Noticed Robin
   104 | D:2      | Quit the game

Vault maps used:
D:1:      saegor_arrival_simple_f
D:2:      uniq_robin, uniq_crazy_yiuf_cottage, uniq_jessica

Skill      XL: |  1 |
---------------+----+-----
Dodging        | 3 |  3.0
Fighting       | |  1.3
Stealth        | |  0.6
Unarmed Combat | |  3.2
Spellcasting   | |  2.2
Transmutations | |  2.4

Action                   || total
-------------------------++-------
Melee: Unarmed           ||    17
       Bite              ||     3
       Headbutt          ||     4
 Cast: Beastly Appendage ||     3
 Stab: Sleeping          ||     2
Armor: Skin              ||     2
Dodge: Dodged            ||    20

Table legend:
 A = Spawn XP
 B = Non-spawn XP
 C = Spawn XP percentage of total XP
 D = Spawn monster count
 E = Non-spawn monster count
 F = Spawn count percentage of total count
 G = Total turns spent on level
                    A         B        C        D         E        F      G
               +---------+---------+-------+---------+---------+-------+---------
         Total |       0 |      28 |   0.0 |       0 |       9 |   0.0 |   104
               +---------+---------+-------+---------+---------+-------+---------
           D:2 |       0 |      28 |   0.0 |       0 |       9 |   0.0 |   100
               +---------+---------+-------+---------+---------+-------+---------

Table legend:
 A = Turns spent in this place as a percentage of turns spent in the entire game.
 B = Non-inter-level travel turns spent in this place as a percentage of non-inter-level travel turns spent in the entire game.
 C = Inter-level travel turns spent in this place as a percentage of turns spent in this place.
 D = Turns resting spent in this place as a percentage of non-inter-level travel turns spent in this place.
 E = Turns spent auto-exploring this place as a percentage of non-inter-level travel turns spent in this place.
 F = Non-inter-level travel turns spent in this place divided by the number of levels of this place that you've seen.
                   A       B       C       D       E      F
               +-------+-------+-------+-------+-------+----------------------
         Total | 100.0 | 100.0 |   0.0 |   0.0 |   0.0 |  52.0
       Dungeon | 100.0 | 100.0 |   0.0 |   0.0 |   0.0 |  52.0
               +-------+-------+-------+-------+-------+----------------------

Table legend:
 A = Kills in this place as a percentage of kills in entire the game.
 B = Kills by you in this place as a percentage of kills by you in the entire game.
 C = Kills by friends in this place as a percentage of kills by friends in the entire game.
 D = Other kills in this place as a percentage of other kills in the entire game.
 E = Experience gained in this place as a percentage of experience gained in the entire game.
 F = Experience gained in this place divided by the number of levels of this place that you have seen.
                   A       B       C       D       E      F
               +-------+-------+-------+-------+-------+----------------------
         Total | 100.0 | 100.0 |   N/A |   N/A | 100.0 |  14.0
       Dungeon | 100.0 | 100.0 |   N/A |   N/A | 100.0 |  14.0
               +-------+-------+-------+-------+-------+----------------------

Vault maps used:
D:1:      saegor_arrival_simple_f
D:2:      uniq_robin, uniq_crazy_yiuf_cottage, uniq_jessica
